Map: Lightshade LE

Players

MaxPax

  • Race: Protoss Protoss

Serral - Winner!

  • Race: Zerg Zerg

Event: DreamHack SC2 Masters 2021 Fall

VOD

Have the link to the VOD?

Description

Time

  • Played on: Aug. 10, 2021, 10:36 a.m.
  • Length: 8:23

All games in this series

Show
View Real Time Build Order
Export as new Build Order

MaxPax Protoss 

Build Orders: 1 Gate Expand, Oracle Opening 

Get SALT Encoding   

  12  0:00  Probe  
  13  0:12  Probe  
  14  0:20  Pylon  
  14  0:24  Probe  
  15  0:38  Probe (Chrono Boost)  
  15  0:42  Gateway  
  16  0:48  Assimilator, Probe (Chrono Boost)  
  17  0:53  Probe (Chrono Boost)  
  18  1:04  Probe  
  19  1:16  Probe  
  20  1:29  Nexus  
  20  1:36  Cybernetics Core  
  21  1:40  Probe  
  21  1:44  Assimilator  
  21  1:52  Probe  
  22  1:55  Pylon  
  22  2:04  Probe (Chrono Boost)  
  23  2:12  Adept  
  26  2:16  Probe (Chrono Boost)  
  26  2:23  Probe (Chrono Boost)  
  26  2:25  Stargate  
  27  2:30  Probe  
  28  2:41  Probe (Chrono Boost)  
  28  2:42  Adept  
  32  2:48  Probe (Chrono Boost)  
  33  2:51  Probe (Chrono Boost)  
  33  2:56  Probe x2 (Chrono Boost)  
  35  2:59  Void Ray (Chrono Boost)  
  35  3:06  Probe  
  35  3:08  Probe  
  35  3:12  Pylon  
  41  3:18  Probe  
  42  3:20  Gateway, Probe  
  43  3:36  Pylon, Gateway  
  43  3:37  Pylon  
  33  3:42  Pylon  
  29  3:50  Pylon  
  29  3:52  Oracle (Chrono Boost)  
  32  4:06  Pylon  
  32  4:07  Pylon  
  32  4:09  Pylon  
  29  4:17  Probe  
  29  4:19  Oracle (Chrono Boost)  
  29  4:23  Probe  
  29  4:32  Probe  
  29  4:35  Probe  
  29  4:51  Oracle (Chrono Boost)  
  30  4:58  Probe  
  30  4:59  Probe  
  31  5:11  Probe  
  31  5:14  Probe (Chrono Boost)  
  32  5:26  Probe (Chrono Boost)  
  34  5:28  Probe (Chrono Boost)  
  34  5:34  Probe (Chrono Boost)  
  36  5:36  Probe (Chrono Boost)  
  36  5:40  Pylon  
  36  5:41  Probe  
  37  5:47  Probe  
  38  5:53  Probe  
  39  5:58  Zealot (Chrono Boost)  
  39  5:59  Probe  
  39  6:03  Void Ray  
  42  6:05  Probe  
  47  6:11  Probe  
  47  6:17  Probe (Chrono Boost)  
  49  6:20  Cybernetics Core  
  50  6:26  Probe (Chrono Boost)  
  50  6:29  Probe (Chrono Boost)  
  51  6:38  Probe (Chrono Boost)  
  51  6:39  Probe (Chrono Boost)  
  53  6:40  Void Ray (Chrono Boost)  
  53  6:43  Probe  
  58  6:47  Probe  
  59  6:55  Probe  
  59  6:59  Probe  
  61  7:02  Nexus  
  62  7:12  Void Ray (Chrono Boost)  
  62  7:14  Probe  
  62  7:16  Shield Battery, Probe  
  67  7:26  Probe  
  67  7:28  Probe  
  68  7:34  Shield Battery  
  68  7:38  Shield Battery x2, Probe  
  68  7:41  Void Ray (Chrono Boost), Probe  
  68  7:43  Shield Battery  
  69  7:52  Shield Battery  
  69  7:53  Shield Battery  
  69  8:01  Probe  
  69  8:05  Probe  
Show
View Real Time Build Order
Export as new Build Order

Serral Zerg - Winner!

Build Orders: Hatch First 

Get SALT Encoding   

  12  0:00  Drone  
  13  0:11  Overlord  
  13  0:16  Drone  
  14  0:30  Drone x2  
  16  0:37  Drone  
  17  0:52  Hatchery  
  17  0:54  Drone  
  17  0:57  Drone  
  18  1:08  Extractor  
  17  1:12  Spawning Pool  
  17  1:15  Drone  
  18  1:18  Drone  
  18  1:28  Drone  
  19  1:38  Drone  
  20  1:49  Overlord  
  20  1:59  Queen  
  22  2:04  Queen, Zergling x4  
  22  2:08  Metabolic Boost  
  26  2:10  Drone  
  26  2:15  Drone  
  28  2:20  Drone  
  29  2:25  Drone  
  30  2:37  Hatchery  
  30  2:38  Zergling x2  
  30  2:39  Zergling x2  
  31  2:44  Zergling x2  
  31  2:47  Overlord  
  32  2:53  Zergling x2  
  33  3:00  Zergling x2  
  33  3:04  Zergling x2  
  35  3:11  Zergling x2  
  35  3:12  Zergling x10  
  41  3:13  Zergling x2  
  41  3:17  Zergling x2  
  43  3:21  Zergling x2  
  41  3:35  Zergling x4  
  36  3:49  Zergling x12  
  40  4:01  Drone x4  
  42  4:05  Drone  
  42  4:07  Drone  
  42  4:11  Drone  
  42  4:15  Drone  
  42  4:18  Drone  
  42  4:22  Drone x2  
  43  4:26  Drone  
  43  4:27  Drone  
  43  4:29  Drone  
  45  4:32  Drone  
  45  4:36  Drone  
  45  4:42  Queen  
  45  4:47  Drone x3  
  47  4:54  Queen  
  47  4:56  Drone  
  48  5:00  Overlord  
  48  5:04  Drone x2  
  48  5:05  Drone  
  50  5:09  Drone, Overlord  
  50  5:10  Drone  
  50  5:12  Spore Crawler  
  49  5:15  Spore Crawler  
  49  5:17  Spore Crawler  
  49  5:18  Drone x2  
  49  5:22  Zergling x2  
  49  5:23  Drone x2  
  49  5:25  Drone x2  
  49  5:27  Drone  
  55  5:32  Drone  
  55  5:33  Drone x2  
  58  5:36  Zergling x6  
  58  5:42  Extractor x2  
  59  5:47  Queen  
  59  5:48  Roach Warren  
  59  5:49  Queen  
  62  5:54  Queen  
  61  5:57  Overlord  
  61  5:59  Drone  
  61  6:00  Drone  
  61  6:03  Drone x2  
  65  6:07  Drone  
  65  6:10  Extractor, Drone  
  66  6:12  Overlord  
  66  6:16  Drone x2  
  66  6:18  Overlord x2  
  68  6:32  Roach x7  
  82  6:38  Roach x3  
  89  6:47  Roach x4  
  92  6:57  Zergling x10  
  97  7:03  Overlord  
  97  7:04  Overlord  
  97  7:05  Overlord  
  97  7:23  Ravager x6  
  97  7:24  Zergling x20  
  97  7:28  Zergling x4  
  108  7:39  Zergling x10  
  111  7:47  Zergling x2  
  111  7:48  Zergling x4  
  112  7:53  Ravager x3  
  116  8:02  Zergling x6  
  116  8:05  Zergling x2  

Tags
 
Add a new tag
Caveats
  • Supply blocks, unpowered buildings, or Contaminate may cause inaccurate times.
  • Supply counts are checked every 10 seconds.